 Dungeon Crawl Stone Soup version 0.28-a0-662-g1651b1f1e0 (webtiles) character file.

Game seed: 7198227556320472590

21 Leszczynek the Chopper (level 3, 12/27 HPs)
             Began as a Human Gladiator on Oct 14, 2021.
             Was a Follower of Sif Muna.
             Quit the game on level 1 of the Dungeon.
             The game lasted 00:03:45 (329 turns).

Leszczynek the Chopper (Human Gladiator)             Turns: 329, Time: 00:03:45

Health: 12/27      AC:  4    Str: 15    XL:     3   Next: 2%
Magic:  3/3        EV: 12    Int:  8    God:    Sif Muna [*.....]
Gold:   12         SH:  0    Dex: 14    Spells: 2/2 levels left

rFire   . . .      SeeInvis .   a - +0 war axe
rCold   . . .      Faith    .   (no shield)
rNeg    . . .      Spirit   +   b - +0 leather armour
rPois   .          Reflect  .   c - +0 helmet
rElec   .          Harm     .   (no cloak)
rCorr   .          Rampage  .   (no gloves)
Will    .....                   (no boots)
Stlth   +.........              e - amulet of guardian spirit
HPRegen 0.09/turn               (no ring)
MPRegen 0.08/turn               (no ring)

@: no status effects
A: no striking features
a: Renounce Religion, Channel Magic


You were on level 1 of the Dungeon.
You worshipped Sif Muna.
Sif Muna was aware of your devotion.
You visited 1 branch of the dungeon, and saw 2 of its levels.

You collected 12 gold pieces.

Inventory:

Hand Weapons
 a - a +0 war axe (weapon)
Missiles
 d - 3 throwing nets (quivered)
 h - 4 poisoned darts
Armour
 b - a +0 leather armour (worn)
 c - a +0 helmet (worn)
Jewellery
 e - an amulet of guardian spirit (around neck)
Scrolls
 f - a scroll of identify {unknown}
Potions
 g - a potion of magic {unknown}
 i - a potion of flight {unknown}


   Skills:
 - Level 2.0 Fighting
 + Level 4.0 Axes
 - Level 2.0 Throwing
 - Level 3.0 Dodging


You had 2 spell levels left.
You didn't know any spells.
Your spell library was empty.

Dungeon Overview and Level Annotations

Branches:
Dungeon (2/15)

Altars:
Sif Muna


Message History

The frilled lizard bites you but does no damage.
You slash the frilled lizard!
You kill the frilled lizard!
Unknown command.
A hobgoblin comes into view.
The hobgoblin shouts!
The hobgoblin hits you.
You completely miss the hobgoblin. The hobgoblin hits you.
You hit the hobgoblin.
The hobgoblin is almost dead.
The hobgoblin barely misses you.
You slash the hobgoblin!
You kill the hobgoblin!
You see here a hobgoblin corpse.
You open the huge gate.
A goblin comes into view. It is wielding a +0 dagger.
Found a faded altar of an unknown god.
There is a huge open gate here.
The goblin shouts!
There is a huge open gate here.
There is a huge open gate here.
You hit the goblin.
You kill the goblin!
Your Axes skill increases to level 4!
You have reached level 3!
Your experience leads to an increase in your attributes!
Increase (S)trength, (I)ntelligence, or (D)exterity?
You feel stronger.
There is a huge open gate here.
Things that are here:
a +0 dagger; a goblin corpse
There is a huge open gate here.
There is a faded altar of an unknown god here.
You cannot tell which god this altar belongs to.
Convert to them anyway?
Sif Muna accepts your prayer! Sif Muna welcomes you!
You can now call upon Sif Muna for magical energy.
Enter note: XD
Enter note: no, this is not going to work Are you sure you want to abandon this character and quit the game? (Confirm with "yes".)

#......†...
#.####.##.. #.###.
#.# #. ######### #.#
#. #.......###. #.#
#. #.'''''.....####.#
#. #.'''''.#
###....###. #.''@''.#
#..........
#.'''''.###.#.###.##.
#.')'''.....#.# .#
###.....#####.# .#
#.###.# #.. .# #.#
#.# ### .# #.# ...
#.. .#.# ####. .#


There were no monsters in sight!

Vanquished Creatures
  2 ball pythons (D:2)
  2 bats (D:2)
  2 endoplasms (D:1)
  A giant cockroach (D:2)
  A goblin (D:1)
  2 hobgoblins (D:1)
  3 jackals (D:2)
  A kobold (D:2)
  A quokka (D:1)
  2 frilled lizards (D:1)
17 creatures vanquished.

Notes
Turn   | Place    | Note
-------+----------+-------------------------------------------
     0 | D:1      | Leszczynek the Human Gladiator began the quest for the Orb.
     0 | D:1      | Reached XP level 1. HP: 16/16 MP: 1/1
   120 | D:2      | Reached XP level 2. HP: 16/22 MP: 2/2
   320 | D:1      | Found a faded altar of an unknown god.
   325 | D:1      | Reached skill level 4 in Axes
   325 | D:1      | Reached XP level 3. HP: 12/27 MP: 3/3
   328 | D:1      | Prayed at the altar of an unknown god.
   328 | D:1      | Became a worshipper of Sif Muna the Loreminder
   328 | D:1      | Reached * piety under Sif Muna
   329 | D:1      | XD
   329 | D:1      | no, this is not going to work
   329 | D:1      | Quit the game

Illustrated notes

#......†...
#.####.##.. #.###.
#.# #. ######### #.#
#. #.......###. #.#
#. #.'''''.....####.#
#. #.'''''.#
###....###. #.''@''.#
#..........
#.'''''.###.#.###.##.
#.')'''.....#.# .#
###.....#####.# .#
#.###.# #.. .# #.#
#.# ### .# #.# ...
#.. .#.# ####. .#


Turn 329 on D:1: XD

Levels and vault maps discovered:
D:1:      dpeg_arrival_stonehenge_8_columns, layout_loops_ring,
          hellmonk_ecumenical_altar_heavens_door
D:2:      layout_rooms, serial_shops, shop, guppyfry_early_orc_mine

Skill      XL: |  1  2 |
---------------+-------+-----
Axes           | 4 |  4.0
Fighting       | |  2.0
Throwing       | |  2.0
Dodging        | |  3.0

Action                   || total
-------------------------++-------
Melee: War axe           ||    47
Armor: Leather armour    ||    15
Dodge: Dodged            ||    34

Table legend: (Time is in decaauts)
 A = Elapsed time spent in this place.
 B = Non-inter-level travel time spent in this place.
 C = Inter-level travel time spent in this place.
 D = Time resting spent in this place.
 E = Time spent auto-exploring this place.
 F = Levels seen in this place.
 G = Mean time per level.
                   A        B        C        D        E       F      G
               +--------+--------+--------+--------+--------+-----+--------+
         Total |    345 |    345 |      0 |      0 |      0 |   2 |  172.5 |
       Dungeon |    345 |    345 |      0 |      0 |      0 |   2 |  172.5 |
               +--------+--------+--------+--------+--------+-----+--------+

Top non-repeatable levels by time:
     D:1: 266 daAuts
     D:2: 79 daAuts
